 Dungeon Crawl Stone Soup version 0.28.0 (webtiles) character file.

Game seed: 6218587959917428851

58 cbfl8 the Sneak (level 3, -8/33 HPs)
             Began as a Minotaur Delver on Feb 14, 2022.
             Killed by divine providence
             ... invoked by an orc priest
              (11 damage)
             ... on level 4 of the Dungeon.
             The game lasted 00:01:04 (195 turns).

cbfl8 the Sneak (Minotaur Delver)                    Turns: 195, Time: 00:01:05

Health: -8/33      AC:  3    Str: 18    XL:     3   Next: 76%
Magic:  2/2        EV: 12    Int:  7    God:
Gold:   0          SH:  0    Dex: 11    Spells: 2/2 levels left

rFire   . . .      SeeInvis .   a - +0 hand axe
rCold   . . .      Faith    .   (no shield)
rNeg    . . .      Spirit   .   b - +0 leather armour
rPois   .          Reflect  .   (helmet restricted)
rElec   .          Harm     .   (no cloak)
rCorr   .          Rampage  .   (no gloves)
Will    .....                   (no boots)
Stlth   ++........              (no amulet)
HPRegen 0.11/turn               (no ring)
MPRegen 0.08/turn               (no ring)

@: hasted, very quick
A: horns 2, retaliatory headbutt
a: no special abilities


You were on level 4 of the Dungeon.
You visited 1 branch of the dungeon, and saw 2 of its levels.

Inventory:

Hand Weapons
 a - a +0 hand axe (weapon)
Armour
 b - a +0 leather armour (worn)
Wands
 g - a wand of digging (3)
Scrolls
 c - a scroll of fog
 d - a scroll of magic mapping
 e - a scroll of fear


   Skills:
 + Level 4.1 Fighting
 + Level 2.5 Axes
 + Level 0.2 Armour
 + Level 2.3 Dodging
 + Level 5.0 Stealth


You had 2 spell levels left.
You didn't know any spells.
Your spell library was empty.

Dungeon Overview and Level Annotations

Branches:
Dungeon (5/15)
 Temple: D:4-7

Altars:


Innate Abilities, Weirdness & Mutations

You have a pair of horns on your head.
You reflexively headbutt those who attack you in melee.


Message History

You barely miss the orc. You headbutt the orc.
The orc is moderately wounded.
The orc hits you but does no damage.
You hit the orc.
The orc is heavily wounded.
The orc misses you.
You slash the orc!
You kill the orc!
Your Fighting skill increases to level 4!
Things that are here:
a +0 hand axe; an orc corpse An orc wizard comes into view.
It is wielding a +0 dagger.
The orc wizard hits you with a +0 dagger.
The orc wizard misses you. You furiously retaliate!
You headbutt the orc wizard! You hit the orc wizard.
The orc wizard is almost dead.
The orc wizard gestures wildly while chanting.
The orc wizard flickers and vanishes!
Deactivating autopickup; reactivate with Ctrl-A.
You hit something. Something hits you.
You closely miss something.
You hear some strange, mumbled words.
A puff of flame appears from out of thin air!
The puff of flame hits you! Something hits you.
You hit something.
Reactivating autopickup.
You feel a bit more experienced.
Your Stealth skill increases to level 5!
An orc priest comes into view. It is wielding a +0 club.
Things that are here:
a +0 dagger; a +0 robe The orc priest calls down the wrath of Beogh upon you.
Beogh smites you!
* * * LOW HITPOINT WARNING * * *
The orc priest looks encouraged for a moment.
You feel yourself speed up.
The orc priest calls down the wrath of Beogh upon you.
Beogh smites you!
You die...

...# #..# .###### ###..#
.....># #....# .####.#
###.##.###
#.###...##.#..
#...#.####.#.#
.######.#.####.#.#####
..........##...#@....#
S.......####)#######o#
........# #.)...# #.###
..$.....########)# #...#
........##.......#####.#
........##.#......o....#
........# #.###########
...J....# #


You could see an orc priest.

Vanquished Creatures
  A hound (D:5)
  An orc wizard (D:4)
  2 orcs (D:4)
4 creatures vanquished.

Notes
Turn   | Place    | Note
-------+----------+-------------------------------------------
     0 | D:5      | cbfl8 the Minotaur Delver began the quest for the Orb.
     0 | D:5      | Reached XP level 1. HP: 19/19 MP: 0/0
     7 | D:5      | Noticed a hound
    18 | D:5      | Killed a hound
    19 | D:5      | Reached XP level 2. HP: 21/27 MP: 1/1
    19 | D:5      | Reached XP level 3. HP: 26/33 MP: 2/2
   175 | D:4      | Reached skill level 5 in Stealth
   176 | D:4      | HP: 1/33 [orc priest/divine providence (13)]
   195 | D:4      | Killed from afar by an orc priest

Illustrated notes

Levels and vault maps discovered:
D:4:      layout_basic
D:5:      layout_basic

Skill      XL: |  1  2  3 |
---------------+----------+-----
Fighting       | 4 |  4.1
Stealth        | 5 |  5.0
Axes           | |  2.5
Armour         | |  0.2
Dodging        | |  2.3

Action                   || total
-------------------------++-------
Melee: Hand axe          ||    14
       Headbutt          ||     3
       Punch             ||     1
  Use: Potion            ||     1
Armor: Leather armour    ||     3
Dodge: Dodged            ||     5
